 Dungeon Crawl Stone Soup version 0.30-a0-222-ge547ba4400 (webtiles) character file.

Game seed: 9499317978227473164

1462 qw the Cleaver (level 8, -4/51 HPs)
             Began as a Gargoyle Fighter on Oct 8, 2022.
             Slain by a yak (11 damage)
             ... on level 9 of the Dungeon.
             The game lasted 00:01:59 (3856 turns).

qw the Cleaver (Gargoyle Fighter)                   Turns: 3856, Time: 00:01:59

Health: -4/51      AC: 16    Str: 22    XL:     8   Next: 77%
Magic:  8/8        EV:  7    Int:  9    God:
Gold:   244        SH:  4    Dex:  9    Spells: 7/7 levels left

rFire   . . .      SeeInvis .    Y - +0 war axe
rCold   . . .      Faith    .    c - +0 buckler
rNeg    + . .      Spirit   .    s - +0 chain mail
rPois   inf        Reflect  .    (no helmet)
rElec   +          Harm     .    m - scarf {repulsion}
rCorr   .          Rampage  .    (no gloves)
Will    .....                    o - +0 pair of boots
Stlth   ..........               n - amulet of regeneration
HPRegen 1.08/turn                (no ring)
MPRegen 0.11/turn                (no ring)

@: repel missiles
A: sickness immunity, AC +5, negative energy resistance 1, electricity
resistance, torment resistance 1, petrification resistance
a: no special abilities


You were on level 9 of the Dungeon.
You visited 1 branch of the dungeon, and saw 7 of its levels.

You collected 244 gold pieces.


Innate Abilities, Weirdness & Mutations

You are immune to sickness and miasma.
Your stone body is resilient. (AC +5)
You are immune to poison.
You resist negative energy. (rN+)
You are resistant to electric shocks. (rElec)
You are resistant to unholy torment.
You are immune to petrification.


   Skills:
 - Level 6.0 Fighting
 + Level 8.5 Axes
 - Level 4.2 Armour
 - Level 1.0 Dodging
 - Level 3.2 Shields


You had 7 spell levels left.
You didn't know any spells.
Your spell library was empty.

Inventory:

Hand Weapons
 f - a +0 flail
 Y - a +0 war axe (weapon)
Armour
 b - a +0 cloak
 c - a +0 buckler (worn)
 m - a scarf of repulsion (worn)
 o - a +0 pair of boots (worn)
 s - a +0 chain mail (worn)
Jewellery
 n - an amulet of regeneration (around neck)
Scrolls
 e - 2 scrolls of identify
Potions
 d - 2 potions of might
 g - a potion of mutation
 h - 2 potions of resistance
 i - a potion of cancellation
 j - a potion of heal wounds {unknown}
 k - 2 potions of curing
 p - a potion of attraction {unknown}

Dungeon Overview and Level Annotations

Branches:
Dungeon (6/15)             Temple (0/1) D:4

Altars:
Gozag
Qazlal
Sif Muna


Message History

The yak is lightly wounded.
A yak comes into view.
The yak gores you!
You completely miss the yak.
The yak is lightly wounded.
You block the yak's attack.
You slash the yak!
The yak is moderately wounded.
A yak comes into view.
You hit the yak but do no damage.
The yak is moderately wounded.
You barely miss the yak. The yak gores you!
You closely miss the yak.
The yak is moderately wounded.
You hit the yak but do no damage. The yak gores you but does no damage.
The yak gores you.
You slash the yak!
The yak is heavily wounded.
You hit the yak but do no damage. x2
The yak barely misses you. The yak gores you! You block the yak's attack.
You hit the yak.
The yak is severely wounded.
You hit the yak but do no damage. You hit the yak. The yak gores you!
The yak barely misses you. The yak gores you but does no damage.
You hit the yak but do no damage.
The yak is severely wounded.
You slash the yak! x2
The yak gores you but does no damage. The yak gores you. x2
You closely miss the yak.
The yak is severely wounded.
You hit the yak. x2
You block the yak's attack. The yak gores you but does no damage.
The yak gores you.
You slash the yak!
The yak is almost dead.
You barely miss the yak. You hit the yak. You block the yak's attack.
The yak gores you!
You die...

#######
#.....#
#.....#
#Y@Y..#
##Y#+##
.Y. .....
.......
#########


You could see 4 yaks.

Vanquished Creatures
  A yak (D:6)
  Menkaure (D:5)
  A sky beast (D:4)
  Pargi (D:3)
  A centaur (D:6)
  A bullfrog (D:6)
  3 necrophages
  4 scorpions
  A jelly (D:6)
  An orc priest (D:5)
  2 hounds
  2 iguanas
  3 orc wizards
  3 gnolls (D:6)
  8 adders
  An ufetubus (D:6)
  3 worms
  4 dart slugs
  12 orcs
  5 ball pythons
  10 endoplasms
  9 giant cockroaches
  6 goblins
  6 hobgoblins
  4 jackals (D:1)
  4 quokkas
  3 bats
  A frilled lizard (D:3)
  A kobold (D:1)
  2 rats
104 creatures vanquished.

Notes
Turn   | Place    | Note
-------+----------+-------------------------------------------
     0 | D:1      | qw the Gargoyle Fighter began the quest for the Orb.
     0 | D:1      | Reached XP level 1. HP: 14/14 MP: 1/1
     0 | D:1      | 0 ||| qw: Version: 0.2-a-17-g79969f3
     0 | D:1      | 0 ||| qw: Game counter: 1977
     0 | D:1      | 0 ||| qw: Always use a shield: true
     0 | D:1      | 0 ||| qw: God list: Okawaru
     0 | D:1      | 0 ||| qw: Allow faded altars: false
     0 | D:1      | 0 ||| qw: Do Orc after D:15 true
     0 | D:1      | 0 ||| qw: Do second Lair branch before Depths: true
     0 | D:1      | 0 ||| qw: Lair rune preference: random
     0 | D:1      | 0 ||| qw: Plans: Normal, Zot:1-4, God:TSO, Crypt, Tomb,
                  | Pan, Slime:5, Hells, Abyss, Orb
     0 | D:1      | 0 ||| PLANNING D:1-11
    39 | D:1      | Reached skill level 2 in Axes
    60 | D:1      | Found a faded altar of an unknown god.
   308 | D:1      | Reached XP level 2. HP: 15/19 MP: 2/2
   720 | D:1      | 720 ||| Stepping ~*~*~tactically~*~*~ (stealth).
   752 | D:1      | Reached skill level 3 in Axes
   828 | D:1      | 828 ||| UPGRADING to scarf of repulsion.
   833 | D:1      | 833 ||| READING 3 scrolls labelled URIYF YWOGAO.
   838 | D:1      | 838 ||| READING scroll labelled XEKHLE XUFFUYRI.
   839 | D:1      | 839 ||| READING scroll labelled ZOB DOC YTOPE.
   840 | D:1      | 840 ||| READING scroll labelled NIFUOJ TOOQUA.
   841 | D:1      | 841 ||| READING scroll labelled HISEFUOMIL.
   842 | D:1      | 842 ||| READING scroll labelled JOC YWANUTS.
   843 | D:1      | 843 ||| READING scroll labelled UGGAEQAUSK.
   923 | D:2      | Reached XP level 3. HP: 23/23 MP: 3/3
  1048 | D:2      | 1048 ||| Stepping ~*~*~tactically~*~*~ (stealth).
  1190 | D:2      | Reached XP level 4. HP: 28/28 MP: 4/4
  1306 | D:2      | Reached skill level 4 in Axes
  1501 | D:2      | 1501 ||| UPGRADING to +0 pair of boots.
  1506 | D:2      | 1506 ||| READING scroll labelled LUOSUM PACRUCK.
  1506 | D:2      | Identified a scroll of acquirement
  1506 | D:2      | 1506 ||| ACQUIRING amulet of regeneration
  1506 | D:2      | Acquired an amulet of regeneration
  1508 | D:2      | 1508 ||| UPGRADING to amulet of regeneration.
  1513 | D:2      | 1513 ||| DRINKING 3 brown potions.
  1514 | D:2      | 1514 ||| READING 2 scrolls of identify.
  1514 | D:2      | 1514 ||| IDENTIFYING purple potion
  1515 | D:2      | 1515 ||| DROPPING potion of flight.
  1660 | D:3      | 1660 ||| DROPPING +0 club.
  1691 | D:3      | Identified the +10 trident of Xiwkeont {vorpal, Fragile rF+
                  | Will+ Int+4}
  1915 | D:3      | Noticed Pargi
  1946 | D:3      | Killed Pargi
  1947 | D:3      | Reached skill level 5 in Axes
  1947 | D:3      | Reached XP level 5. HP: 30/32 MP: 5/5
  2018 | D:3      | 2018 ||| Stepping ~*~*~tactically~*~*~ (hiding).
  2021 | D:3      | 2021 ||| Stepping ~*~*~tactically~*~*~ (hiding).
  2221 | D:3      | 2221 ||| UPGRADING to +0 chain mail.
  2231 | D:3      | 2231 ||| DROPPING +0 scale mail.
  2232 | D:3      | 2232 ||| READING scroll labelled UCADWU LISOASS.
  2233 | D:3      | 2233 ||| READING scroll labelled CEUDDE WOIM.
  2234 | D:3      | 2234 ||| DRINKING 2 black potions.
  2335 | D:3      | 2335 ||| DRINKING 2 puce potions.
  2336 | D:3      | 2336 ||| READING 3 scrolls of identify.
  2336 | D:3      | 2336 ||| IDENTIFYING glowing yellow potion
  2337 | D:3      | 2337 ||| READING 2 scrolls of identify.
  2337 | D:3      | 2337 ||| IDENTIFYING blue potion
  2338 | D:3      | 2338 ||| DROPPING potion of invisibility.
  2339 | D:3      | 2339 ||| DROPPING potion of ambrosia.
  2340 | D:3      | 2340 ||| DROPPING potion of magic.
  2371 | D:4      | Found a staircase to the Ecumenical Temple.
  2394 | D:4      | Found a stormy altar of Qazlal.
  2396 | D:4      | Noticed a fire elemental
  2397 | D:4      | Noticed a water elemental
  2397 | D:4      | Noticed an air elemental
  2514 | D:4      | Reached XP level 6. HP: 29/38 MP: 6/6
  2632 | D:4      | Noticed a sky beast
  2648 | D:4      | Killed a sky beast
  2649 | D:4      | Reached skill level 6 in Axes
  2649 | D:4      | Reached XP level 7. HP: 43/43 MP: 7/7
  2681 | D:4      | 2681 ||| Stepping ~*~*~tactically~*~*~ (stealth).
  2708 | D:4      | 2708 ||| DROPPING +0 whip.
  2711 | D:4      | 2711 ||| Stepping ~*~*~tactically~*~*~ (hiding).
  2713 | D:4      | 2713 ||| Stepping ~*~*~tactically~*~*~ (hiding).
  2736 | D:4      | Reached skill level 1 in Dodging
  3006 | D:4      | 3006 ||| READING 2 scrolls labelled QUSOIN KEIPT.
  3007 | D:4      | 3007 ||| DRINKING 2 fuming puce potions.
  3008 | D:4      | 3008 ||| DROPPING scroll of blinking.
  3045 | D:5      | Entered Level 5 of the Dungeon
  3115 | D:5      | Reached skill level 7 in Axes
  3115 | D:5      | HP: 10/43 [orc/+0 mace (3)]
  3115 | D:5      | HP: 2/43 [iguana (8)]
  3116 | D:5      | 3116 ||| READING 2 scrolls of teleportation.
  3168 | D:5      | 3168 ||| Stepping ~*~*~tactically~*~*~ (stealth).
  3176 | D:5      | 3176 ||| Stepping ~*~*~tactically~*~*~ (stealth).
  3253 | D:5      | 3253 ||| Invisible monster not found???
  3389 | D:5      | Reached XP level 8. HP: 26/49 MP: 8/8
  3542 | D:5      | Noticed Menkaure
  3550 | D:5      | Killed Menkaure
  3642 | D:5      | 3642 ||| READING 2 scrolls of identify.
  3642 | D:5      | 3642 ||| IDENTIFYING fuming cyan potion
  3663 | D:6      | Found an opulent altar of Gozag.
  3672 | D:6      | Found a shimmering blue altar of Sif Muna.
  3674 | D:6      | Noticed a yak
  3675 | D:6      | 3675 ||| Stepping ~*~*~tactically~*~*~ (hiding).
  3682 | D:6      | 3682 ||| Stepping ~*~*~tactically~*~*~ (stealth).
  3694 | D:6      | Reached skill level 8 in Axes
  3703 | D:6      | HP: 12/49 [orc priest/divine providence (11)]
  3704 | D:6      | 3704 ||| READING scroll of teleportation.
  3707 | D:6      | Killed a yak
  3707 | D:6      | HP: 2/49 [orc priest/divine providence (15)]
  3708 | D:6      | Reached skill level 6 in Fighting
  3803 | D:6      | 3803 ||| Stepping ~*~*~tactically~*~*~ (stealth).
  3804 | D:6      | 3804 ||| Stepping ~*~*~tactically~*~*~ (stealth).
  3807 | D:6      | 3807 ||| Stepping ~*~*~tactically~*~*~ (stealth).
  3810 | D:6      | 3810 ||| Stepping ~*~*~tactically~*~*~ (stealth).
  3812 | D:6      | 3812 ||| Stepping ~*~*~tactically~*~*~ (stealth).
  3839 | D:6      | 3839 ||| Stepping ~*~*~tactically~*~*~ (stealth).
  3839 | D:6      | You fall into a shaft and drop 3 floors!
  3845 | D:9      | Noticed a yak
  3845 | D:9      | Noticed a yak
  3847 | D:9      | Noticed a yak
  3849 | D:9      | Noticed a yak
  3853 | D:9      | HP: 12/51 [yak (11)]
  3856 | D:9      | Slain by a yak

Levels and vault maps discovered:
D:1:      dpeg_arrival_connections, layout_basic,
          shapermc_ecumenical_altar_starsandcircs
D:2:      layout_loops_ring, minmay_misc_feat_five
D:3:      layout_basic, uniq_pargi
D:4:      nicolae_cairo_tiling, layout_cave_pools,
          nicolae_qazlal_style_of_elements, minmay_temple_entry_statues,
          kennysheep_path_1
D:5:      layout_cave_pools, uniq_menkaure
D:6:      layout_loops_ring, grunt_gozag_statues, small_statue_intersection,
          minmay_misc_feat_diagonals, chequers_serial_rivers_large_a,
          chequers_serial_rivers_small_b, hangedman_feature_mirror,
          minivault_23, hangedman_abyss_or_decor_stabs, st_stairs_9,
          minmay_shop_grid_forest
D:9:      layout_irregular_city, minmay_strange_pillars,
          hellmonk_guarded_unrand_night

Skill      XL: |  1  2  3  4  5  6  7  8 |
---------------+-------------------------+-----
Axes           | 2 3 5 6 7 8 |  8.5
Fighting       | 4 5 6 |  6.0
Dodging        | 1 |  1.0
Armour         | 4 |  4.2
Shields        | |  3.2

Action                   |  1- 3 |  4- 6 |  7- 9 || total
-------------------------+-------+-------+-------++-------
Melee: War axe           |    81 |   133 |   182 ||   396
  Use: Scroll            |     7 |     6 |     4 ||    17
       Potion            |       |     3 |     1 ||     4
Armor: Scale mail        |    40 |    79 |       ||   119
       Chain mail        |       |    25 |   135 ||   160
Dodge: Dodged            |    29 |    69 |    72 ||   170
       Repelled          |     1 |       |       ||     1
Block: Buckler           |    19 |    27 |    29 ||    75

Table legend:
 A = Non-vault XP
 B = Vault XP
 C = Vault XP percentage of total XP
 D = Non-vault monster count
 E = Vault monster count
 F = Vault count percentage of total count
                 A         B        C        D         E       F
            +---------+---------+-------+---------+---------+-------
      Total |    1446 |     643 |  30.8 |      98 |       6 |   5.8
            +---------+---------+-------+---------+---------+-------
        D:1 |      30 |       0 |   0.0 |      15 |       0 |   0.0
        D:2 |      75 |       0 |   0.0 |      20 |       0 |   0.0
        D:3 |      45 |     128 |  74.0 |      12 |       1 |   7.7
        D:4 |     431 |       0 |   0.0 |      23 |       0 |   0.0
        D:5 |     556 |     172 |  23.6 |      18 |       1 |   5.3
        D:6 |     309 |     343 |  52.6 |      10 |       4 |  28.6
            +---------+---------+-------+---------+---------+-------
